 Dungeon Crawl Stone Soup version 0.28.0 (webtiles) character file.

Game seed: 2995500328660812192

28907 GraveyardiganJr the Cleaver (level 13, -12/175 HPs)
             Began as a Hill Orc Cinder Acolyte on Feb 7, 2022.
             Was a Priest of Makhleb.
             Mangled by Gastronok (27 damage)
             ... on level 10 of the Dungeon on Feb 8, 2022.
             The game lasted 04:14:35 (23918 turns).

GraveyardiganJr the Cleaver (HOCA)                 Turns: 23918, Time: 04:14:36

Health: -12/175    AC: 26    Str: 18    XL:     13   Next: 41%
Magic:  19/26      EV:  2    Int: 14    God:    Makhleb [***...]
Gold:   1451       SH:  3    Dex: 10    Spells: 15/17 levels left

rFire   + . .      SeeInvis .   a - +4 hand axe
rCold   . . .      Faith    .   L - +0 buckler
rNeg    . . .      Spirit   .   (armour currently unavailable)
rPois   +          Reflect  .   (helmet currently unavailable)
rElec   .          Harm     .   (cloak currently unavailable)
rCorr   .          Rampage  .   (gloves currently unavailable)
Will    .....      NoTele   +   (boots currently unavailable)
Stlth   ++........              (no amulet)
HPRegen 0.39/turn               c - ring of protection from fire
MPRegen 0.20/turn               y - ring of magical power

@: tree-form, slowed, very slow
A: stationary, stasis, torment immunity, boosted hp
a: Renounce Religion, Minor Destruction, Lesser Servant of Makhleb


You were on level 10 of the Dungeon.
You worshipped Makhleb.
Makhleb was most pleased with you.
You were a tree.
You visited 3 branches of the dungeon, and saw 15 of its levels.
You also visited: Sewer, Ossuary and Bailey.

You collected 1685 gold pieces.
You spent 234 gold pieces at shops.

Inventory:

Hand Weapons
 a - a +4 hand axe (weapon)
 b - a +0 hand crossbow
 w - a +0 hand axe of venom
 x - a +2 whip of freezing
 R - a -1 hand axe of flaming
Missiles
 k - 56 bolts
 q - 25 boomerangs
 u - 5 silver javelins
 T - 15 poisoned darts
 U - 8 atropa-tipped darts
 W - 9 datura-tipped darts
Armour
 p - a +2 pair of boots (melded)
 L - a +0 buckler (worn)
 P - +0 steam dragon scales
 Y - +0 acid dragon scales (melded)
Jewellery
 c - a ring of protection from fire (left branch)
 s - a ring of wizardry
 y - a ring of magical power (right branch)
 E - a ring of fire
 J - a ring of positive energy
Wands
 r - a wand of digging (1)
 v - a wand of acid (1)
 A - a wand of flame (24)
 Q - a wand of iceblast (15)
Scrolls
 e - a scroll of fear {unknown}
 f - 2 scrolls of magic mapping
 h - 2 scrolls of fog
 i - 6 scrolls of amnesia
 l - 2 scrolls of teleportation
 m - a scroll of summoning {unknown}
 o - a scroll of enchant weapon {unknown}
 z - a scroll of enchant armour
 D - a scroll of holy word {unknown}
 I - 3 scrolls of silence
 O - a scroll of brand weapon {unknown}
Potions
 d - 5 potions of flight
 g - a potion of ambrosia
 j - 9 potions of curing
 n - a potion of haste {unknown}
 B - a potion of brilliance {unknown}
 F - 2 potions of resistance
 H - a potion of invisibility {unknown}
 K - a potion of cancellation
 N - a potion of magic {unknown}
Miscellaneous
 G - a piece from Xom's chessboard (14/15)
 V - a lightning rod (1/4)


   Skills:
 + Level 11.8 Fighting
 - Level 13.9(14.0) Axes
 + Level 0.9(7.5) Maces & Flails
 - Level 6.2 Crossbows
 + Level 8.7 Armour
 - Level 6.4 Dodging
 - Level 3.4 Stealth
 + Level 0.7 Shields
 - Level 2.7 Spellcasting
 - Level 10.0 Fire Magic
 * Level 6.0 Invocations
 + Level 4.2 Evocations


You had 15 spell levels left.
You knew the following spells:

 Your Spells              Type           Power      Damage    Failure   Level
s - Scorch                Fire           60%        2d8       1%          2

Your spell library contained the following spells:

 Spells                   Type           Power      Damage    Failure   Level
 Animate Skeleton         Necr           2%         N/A       30%         1
 Pain                     Necr           4%         1d4       30%         1
 Sting                    Tmut/Pois      4%         1d3       30%         1
 Poisonous Vapours        Pois/Air       2%         N/A       41%         2
 Frozen Ramparts          Ice            2%         1d2       65%         3
 Portal Projectile        Hex/Tloc       2%         N/A       65%         3
 Vampiric Draining        Necr           1%         2d6       65%         3
 Hailstorm                Conj/Ice       1%         3d3       96%         4
 Ice Form                 Ice/Tmut       1%         N/A       96%         4
 Olgreb's Toxic Radiance  Pois           1%         N/A       96%         4
 Summon Ice Beast         Ice/Summ       1%         N/A       96%         4
 Alistair's Intoxication  Tmut/Pois      0%         N/A       100%        5
 Blade Hands              Tmut           0%         N/A       100%        5
 Borgnjor's Vile Clutch   Necr/Erth      0%         N/A       100%        5
 Excruciating Wounds      Necr           0%         N/A       100%        5
 Eringya's Noxious Bog    Tmut/Pois      0%         N/A       100%        6
 Simulacrum               Ice/Necr       0%         N/A       100%        6


Dungeon Overview and Level Annotations

Branches:
Dungeon (12/15)            Temple (1/1) D:7            Lair (2/6) D:11
    Orc (0/2) D:10          Sewer (visited)         Ossuary (visited)
 Bailey (visited)
  Swamp: Lair:2-4    Shoals: Lair:2-4     Snake: Lair:2-4    Spider: Lair:2-4

Altars:
Ashenzari
Cheibriados
Dithmenos
Elyvilon
Fedhas
Gozag
Hepliaklqana
Kikubaaqudgha
Makhleb
Nemelex Xobeh
Okawaru
Qazlal
Ru
Sif Muna
Trog
Uskayaw
Vehumet
Wu Jian
Xom
Yredelemnul
Zin
The Shining One

Shops:
D:10 (

Portals:
Trove: D:10 (give 6 scrolls of blinking)

Annotations:
D:4 3 runed translucent doors, laceratedsky's ghost, novice MiBe
D:6 1 runed translucent door, Crazy Yiuf
D:9 exclusion: two-headed ogre
D:10 Gastronok
D:11 exclusion: upstairs
D:12 exclusions: 7 doors and shadow
Lair:1 exclusion: water moccasin


Message History

The two-headed ogre hits you with a +0 giant spiked club!
* * * LOW HITPOINT WARNING * * *
You feel much better. Gastronok bites you!
* * * LOW HITPOINT WARNING * * *
The two-headed ogre hits you with a +0 giant spiked club!
* * * LOW HITPOINT WARNING * * *
The two-headed ogre hits you but does no damage.
You slash Gastronok!
Gastronok is moderately wounded.
You hit the two-headed ogre. You hit Gastronok but do no damage.
Gastronok is moderately wounded.
You hit the two-headed ogre.
You kill the two-headed ogre!
Makhleb accepts your kill. Gastronok bites you!!
* * * LOW HITPOINT WARNING * * *
Your Invocations skill increases to level 6!
Casting: Scorch (safe; 1% risk of failure)
Press: ? - help, Q - select action, (/) - cycle Dir - look around, f - activate Flames lash Gastronok.
Gastronok is heavily wounded.
Gastronok's fire resistance burns away.
Gastronok bites you but does no damage.
Casting: Scorch (safe; 1% risk of failure)
Press: ? - help, Q - select action, (/) - cycle Dir - look around, f - activate Flames lash Gastronok.
Gastronok is burned terribly!
Gastronok is heavily wounded.
Unknown command.
Casting: Scorch (safe; 1% risk of failure)
Press: ? - help, Q - select action, (/) - cycle Dir - look around, f - activate Flames lash Gastronok.
Gastronok is burned terribly!
Gastronok is heavily wounded.
Gastronok bubbles merrily.
Casting: Scorch (safe; 1% risk of failure)
Press: ? - help, Q - select action, (/) - cycle Dir - look around, f - activate Flames lash Gastronok.
Gastronok is burned terribly!
Gastronok is severely wounded.
Gastronok bites you!!
You die...

.. ######### .? #.......#
#' #.#.....# #.#####
#.#.#####
##.....#######.#......
#........##....#..####
#.......)##.)..#..#..#
#....).........#)....#
#....♣.∩......###.##'#
##########w#......# #...))
#..........#......# #.....
#..........##'#######.....
#...####w....####.........
###.#.....8.....########'#
#.#...........## #.#
#......((......## #.#
#..8....>....8..# #.#


You could see Gastronok (very poisoned, combustible).

Vanquished Creatures
  Harold (D:8)
  4 boulder beetles
  9 two-headed ogres
  A tengu warrior (D:12)
  Pikel (D:5)
  2 orc knights (Bailey)
  An elephant (Lair:1)
  Maurice (D:9)
  A gargoyle (D:11)
  Maggie (D:7)
  4 cane toads (Lair:1)
  An unseen horror (D:11)
  3 komodo dragons
  Psyche (D:8)
  A tengu conjurer (D:12)
  4 kobold demonologists
  4 trolls
  A hornet (D:10)
  2 shadows
  A vampire (D:11)
  2 wraiths (D:11)
  23 yaks
  2 wyverns (Lair:1)
  11 fire elementals
  A basilisk (D:12)
  A steam dragon (D:9)
  Grum (D:8)
  6 vampire mosquitoes
  3 acid dragons
  4 water moccasins
  An ice beast (D:6)
  3 sky beasts
  A black bear (D:6)
  7 orc warriors
  A hornet zombie (D:8)
  2 necrophages
  An ogre (D:6)
  7 wolves
  2 centaurs
  A lemure (D:5)
  6 kobold brigands
  2 phantoms
  6 bullfrogs
  2 wyvern zombies
  5 scorpions
  A wight (D:7)
  18 killer bees
  2 electric eels
  3 howler monkeys
  A bullfrog zombie (D:6)
  4 centaur zombies
  3 hounds
  A jelly (D:7)
  2 bullfrog skeletons
  7 orc priests
  2 gnoll shamans (D:7)
  Jessica (D:2)
  A centaur skeleton (D:6)
  An iguana (D:7)
  11 orc wizards
  A killer bee zombie (D:7)
  2 hound skeletons
  8 mummies (Ossuary)
  17 gnolls
  11 adders
  7 river rats
  A white imp (D:7)
  An adder skeleton (D:4)
  8 worms
  2 dart slugs
  35 orcs
  11 bats
  A bat zombie (D:5)
  3 endoplasms
  3 giant cockroaches
  2 gnoll zombies (Ossuary)
  8 goblins
  3 hobgoblins
  6 jackals
  9 quokkas
  9 ball pythons
  A frilled lizard (D:2)
  3 hobgoblin zombies (Ossuary)
  19 kobolds
  3 kobold zombies (Ossuary)
  6 rats
  5 rat zombies (D:5)
388 creatures vanquished.

Vanquished Creatures (collateral kills)
  2 gnolls (D:12)
2 creatures vanquished.

Vanquished Creatures (others)
  A gnoll (D:12)
  96 foxfires
  10 fungi
  42 plants
149 creatures vanquished.

Grand Total: 539 creatures vanquished

Notes
Turn   | Place    | Note
-------+----------+-------------------------------------------
     0 | D:1      | GraveyardiganJr the Hill Orc Cinder Acolyte began the quest
                  | for the Orb.
     0 | D:1      | Reached XP level 1. HP: 19/19 MP: 2/2
   370 | D:2      | Reached XP level 2. HP: 27/27 MP: 3/3
   399 | D:2      | Learned a level 2 spell: Scorch
   464 | D:2      | Noticed Jessica
   467 | D:2      | Killed Jessica
   468 | D:2      | Reached XP level 3. HP: 33/33 MP: 4/4
   482 | D:2      | Found a faded altar of an unknown god.
   839 | D:1      | Reached skill level 5 in Axes
  1305 | D:2      | Reached XP level 4. HP: 36/41 MP: 1/5
  1671 | D:2      | Noticed a scorpion
  1674 | D:2      | Killed a scorpion
  1675 | D:2      | Reached skill level 5 in Fire Magic
  1675 | D:2      | Reached XP level 5. HP: 41/47 MP: 3/6
  2304 | D:3      | Reached skill level 1 in Armour
  2318 | D:3      | Reached XP level 6. HP: 32/53 MP: 2/8
  2727 | D:3      | Reached skill level 6 in Axes
  4221 | D:4      | Reached XP level 7. HP: 50/60 MP: 5/10
  4603 | D:4      | Found a runed translucent gate.
  4604 | D:4      | Found a runed translucent gate.
  4604 | D:4      | Noticed laceratedsky's ghost (novice MiBe)
  4605 | D:4      | Found a runed translucent gate.
  5077 | D:5      | Entered Level 5 of the Dungeon
  5690 | D:5      | Noticed Pikel
  5718 | D:5      | Killed Pikel
  5719 | D:5      | Reached skill level 5 in Fighting
  5719 | D:5      | Reached skill level 7 in Axes
  5719 | D:5      | Reached skill level 1 in Dodging
  5719 | D:5      | Reached skill level 1 in Stealth
  5719 | D:5      | Reached XP level 8. HP: 68/68 MP: 8/12
  5864 | D:5      | Found an ancient bone altar of Kikubaaqudgha.
  6146 | D:5      | Found a sparkling altar of Nemelex Xobeh.
  6518 | D:6      | Found a glowing drain.
  6536 | Sewer    | Entered a sewer
  6883 | Sewer    | Reached skill level 8 in Axes
  6889 | Sewer    | Reached skill level 1 in Crossbows
  7848 | D:6      | Reached XP level 9. HP: 18/74 MP: 9/13
  8547 | D:6      | Reached skill level 9 in Axes
  8816 | D:6      | Found a runed translucent door.
  8817 | D:6      | Noticed Crazy Yiuf
  9286 | D:7      | Found a sand-covered staircase.
  9293 | Ossuary  | Entered an ossuary
 10236 | D:7      | Found a staircase to the Ecumenical Temple.
 10246 | Temple   | Entered the Ecumenical Temple
 10699 | D:7      | Reached skill level 10 in Axes
 10913 | D:7      | Reached XP level 10. HP: 80/83 MP: 9/14
 10965 | D:7      | Reached skill level 5 in Armour
 11017 | D:7      | HP: 1/83 [komodo dragon (20)]
 11483 | D:7      | Noticed Maggie
 11494 | D:7      | Killed Maggie
 11832 | D:8      | Found a flagged portal.
 11832 | D:8      | Noticed Psyche
 11841 | D:8      | Killed Psyche
 11881 | Bailey   | Entered a bailey
 12215 | Bailey   | Reached skill level 11 in Axes
 12240 | Bailey   | Noticed an orc knight
 12272 | Bailey   | Noticed an orc knight
 12282 | Bailey   | Killed an orc knight
 12283 | Bailey   | Reached skill level 1 in Evocations
 12297 | Bailey   | Killed an orc knight
 12298 | Bailey   | Reached skill level 10 in Fire Magic
 12563 | Bailey   | Found an iron altar of Okawaru.
 12709 | Temple   | Fell from the grace of Ignis
 12709 | Temple   | Became a worshipper of Makhleb the Destroyer
 12791 | D:8      | Noticed Harold
 13354 | D:9      | Found a glowing golden altar of the Shining One.
 13354 | D:9      | Found an ornate altar of the Wu Jian Council.
 13499 | D:9      | Reached XP level 11. HP: 83/92 MP: 10/15
 13674 | D:9      | Reached skill level 12 in Axes
 14053 | D:8      | Killed Harold
 14054 | D:8      | Reached skill level 5 in Crossbows
 14276 | D:8      | You fall into a shaft and drop 2 floors!
 14276 | D:10     | Entered Level 10 of the Dungeon
 14902 | D:8      | Noticed Grum
 14908 | D:8      | Killed Grum
 15206 | D:8      | You fall into a shaft and drop 1 floor!
 15355 | D:9      | Noticed Maurice
 16127 | D:10     | Noticed a two-headed ogre
 16291 | D:10     | Found a portal to a secret trove of treasure.
 16697 | D:11     | Noticed a two-headed ogre
 16741 | D:11     | Reached skill level 13 in Axes
 16742 | D:11     | Killed a two-headed ogre
 16914 | D:11     | Found a staircase to the Lair.
 17049 | D:11     | Noticed a two-headed ogre
 17073 | D:11     | Killed a two-headed ogre
 17151 | D:11     | Noticed a two-headed ogre
 17412 | D:11     | Reached * piety under Makhleb
 17494 | D:11     | Reached XP level 12. HP: 97/103 MP: 16/16
 17582 | D:11     | You fall into a shaft and drop 1 floor!
 17726 | D:11     | Noticed a boulder beetle
 17747 | D:11     | Killed a two-headed ogre
 17749 | D:11     | Killed a boulder beetle
 18032 | Lair:1   | Entered Level 1 of the Lair of Beasts
 18691 | Lair:1   | Reached skill level 5 in Dodging
 19198 | Lair:2   | Was forgiven by Ignis
 19963 | D:11     | You fall into a shaft and drop 1 floor!
 19963 | D:12     | Noticed a rakshasa
 19967 | D:12     | Noticed a boulder beetle
 19990 | D:12     | Killed a boulder beetle
 19991 | D:12     | Reached skill level 1 in Invocations
 20104 | D:11     | Noticed a boulder beetle
 20244 | D:11     | Reached ** piety under Makhleb
 20245 | D:11     | Reached skill level 10 in Fighting
 20455 | D:11     | Noticed a two-headed ogre
 20469 | D:11     | Killed a two-headed ogre
 20479 | D:11     | Killed a boulder beetle
 20608 | D:11     | Noticed a two-headed ogre
 20619 | D:11     | Killed a two-headed ogre
 21039 | D:12     | Noticed a boulder beetle
 21055 | D:12     | Killed a boulder beetle
 21185 | D:12     | Noticed a tengu warrior
 21188 | D:12     | Reached XP level 13. HP: 114/114 MP: 17/17
 22191 | D:10     | Reached skill level 5 in Invocations
 22344 | D:10     | Found Musief's Antique Weapon Boutique.
 22545 | D:10     | Noticed Gastronok
 23102 | D:9      | Killed Maurice
 23310 | D:10     | Found a staircase to the Orcish Mines.
 23321 | D:10     | Reached *** piety under Makhleb
 23858 | D:10     | Bought a faintly glowing morningstar for 234 gold pieces
 23858 | D:10     | Identified the +3 morningstar of Currency {freeze, rPois
                  | Int+6 Dex-5 Stlth-} (You bought it in a shop on level 10 of
                  | the Dungeon)
 23918 | D:10     | Mangled by Gastronok

Illustrated notes

Levels and vault maps discovered:
D:1:      minmay_arrival_arboretum_large, layout_loops_ring
D:2:      wad_crossroads, layout_basic,
          shapermc_ecumenical_altar_mp_ritualfount, uniq_jessica
D:3:      layout_loops_corners
D:4:      layout_loops_corners, ebering_ghost_rock_garden
D:5:      layout_basic, lemuel_zombie_altar_kikubaaqudgha,
          mainiacjoe_overflow_six_doors_small, uniq_pikel
D:6:      layout_loops_ring, gup_sewer_entry_bubbles, uniq_crazy_yiuf_cottage
D:7:      minmay_recursive_quarters, layout_loops_ring,
          minmay_temple_entry_statues_fountains, nicolae_ossuary_entry_ruins,
          hex_tiny, hangedman_decor_diamond_cutter, uniq_maggie
D:8:      layout_basic, enter_bailey_2, uniq_harold, uniq_psyche, uniq_grum
D:9:      layout_stronghold, nzn_wu_jian_contemplation,
          mainiacjoe_overflow_tiny_flanked, minmay_fountain_box, uniq_maurice
D:10:     layout_basic, david_orc_2, enter_trove_0, serial_shops, shop,
          hex_intersection, uniq_gastronok
D:11:     layout_rooms, lair_entry_dummy, corner_web_ring, onia_ninara_cookie
D:12:     layout_roguey, lightli_fourway_metalbox
Temple:   dpeg_five_rooms_temple
Lair:1:   layout_regular_city, wad_woods_river_01
Lair:2:   layout_cave_shapes, minmay_snake_entry_guardpost_small,
          serial_bayou_lagoon_b, infiniplex_staircase_pool_2

Skill      XL: |  1  2  3  4  5  6  7  8  9 10 11 12 13 |
---------------+----------------------------------------+-----
Fighting       | 4 5 7 8 10 11 | 11.8
Axes           | 5 6 7 8 10 11 13 | 13.9
Fire Magic     | 5 6 7 8 10 | 10.0
Armour         | 1 2 3 4 5 6 8 |  8.7
Spellcasting   | 2 |  2.7
Dodging        | 1 2 4 6 |  6.4
Stealth        | 1 2 3 |  3.4
Crossbows      | 1 3 4 5 6 |  6.2
Evocations     | 1 2 3 4 |  4.2
Invocations    | 3 6 |  6.0
Maces & Flails | |  0.9
Shields        | |  0.7

Action                   |  1- 3 |  4- 6 |  7- 9 | 10-12 | 13-15 || total
-------------------------+-------+-------+-------+-------+-------++-------
Melee: Hand axe          |    45 |    90 |   205 |   370 |   132 ||   842
       Punch             |       |       |     3 |     7 |       ||    10
       Whip              |       |       |       |    19 |       ||    19
 Fire: Hunting sling     |       |    11 |    13 |       |       ||    24
       Hand crossbow     |       |       |    98 |    78 |     1 ||   177
Throw: Stone             |       |     1 |       |       |       ||     1
       Boomerang         |       |     1 |     1 |       |     2 ||     4
       Dart              |       |       |       |    40 |    10 ||    50
       Throwing net      |       |       |       |     2 |       ||     2
 Cast: Scorch            |     5 |    26 |   102 |   198 |    53 ||   384
Invok: Foxfire Swarm     |     1 |     1 |       |     3 |       ||     5
       Fiery Armour      |       |     2 |     1 |     3 |       ||     6
       Rising Flame      |       |       |       |     1 |       ||     1
       Minor Destruction |       |       |       |     4 |     3 ||     7
Evoke: Wand              |       |       |     3 |    16 |     4 ||    23
       Lightning rod     |       |       |       |     7 |     2 ||     9
       Piece from Xom's  |       |       |       |     1 |     3 ||     4
  Use: Scroll            |     1 |     4 |    12 |    12 |     3 ||    32
       Potion            |       |       |     2 |     7 |     4 ||    13
 Stab: Held in net/web   |       |       |       |     2 |       ||     2
Armor: Robe              |     3 |       |       |       |       ||     3
       Leather armour    |     2 |    16 |    10 |       |       ||    28
       Ring mail         |       |       |   111 |     9 |       ||   120
       Steam dragon scal |       |       |       |    24 |       ||    24
       Acid dragon scale |       |       |       |   108 |    54 ||   162
       Skin              |       |       |       |    43 |     6 ||    49
Dodge: Dodged            |    23 |    44 |   129 |   218 |    68 ||   482
Block: Buckler           |       |       |       |       |     7 ||     7
